 Dungeon Crawl Stone Soup version 0.23-a0-395-gcf17ac6 (webtiles) character file.

1298 Azzok the Firebug (level 8, -8/52 HPs)
             Began as a Demonspawn Fire Elementalist on Nov 1, 2018.
             Was an Initiate of Gozag.
             Shot with an arrow by a centaur (10 damage)
             ... on level 6 of the Dungeon.
             The game lasted 00:12:54 (7676 turns).

Azzok the Firebug (Demonspawn Fire Elementalist)    Turns: 7676, Time: 00:12:55

Health: -8/52      AC:  6    Str:  9    XL:     8   Next: 31%
Magic:  13/23      EV: 12    Int: 18    God:    Gozag
Gold:   280        SH:  4    Dex: 14    Spells: 3/16 levels left

rFire    + . .     SeeInvis .   (no weapon)
rCold    + . .     Gourm    .   (no shield)
rNeg     . . .     Faith    .   a - +0 robe
rPois    .         Spirit   .   x - +1 helmet
rElec    .         Reflect  +   b - scarf {rC+ rF+}
rCorr    .         Harm     .   (no gloves)
MR       .....                  d - +1 pair of boots
Stlth    ++........             A - +4 amulet of reflection (curse)
HPRegen  0.17/turn              y - ring of magical power
MPRegen  0.18/turn              e - ring of wizardry

@: lethally poisoned (-8 -> -10), gold aura, very slightly contaminated
A: talons 2, powered by death 1
a: Potion Petition, Call Merchant, Bribe Branch, Renounce Religion


You were on level 6 of the Dungeon.
You worshipped Gozag.
Gozag was aware of your devotion.
You were very hungry.

You visited 1 branch of the dungeon, and saw 6 of its levels.
You also visited: Ossuary.

You collected 825 gold pieces.
You spent 485 gold pieces at shops.
You paid 60 gold pieces to Gozag.

Inventory:

Armour
 a - a +0 robe (worn)
 b - a scarf of resistance (worn)
 d - a +1 pair of boots (worn)
 x - a +1 helmet (worn)
Jewellery
 e - a ring of wizardry (right hand)
 j - an uncursed ring of see invisible
 u - an uncursed ring of protection from magic
 y - a ring of magical power (left hand)
 A - a cursed +4 amulet of reflection (around neck)
Wands
 i - a wand of paralysis (11)
Scrolls
 f - 3 scrolls of amnesia
 g - 2 scrolls of remove curse
 h - a scroll of blinking
 m - a scroll of immolation
 p - a scroll of enchant armour
 v - 2 scrolls of teleportation {unknown}
 w - 2 scrolls of magic mapping {unknown}
 B - a scroll of enchant weapon
Potions
 k - 2 potions of degeneration {unknown}
 l - 2 potions of mutation {unknown}
 n - 3 potions of haste
 o - a potion of resistance {unknown}
 q - 2 potions of invisibility {unknown}
 r - a potion of curing {unknown}
 s - 3 potions of berserk rage
 t - 4 potions of brilliance {unknown}
 z - 2 potions of might {unknown}
Comestibles
 c - 3 rations


   Skills:
 - Level 1.7 Dodging
 - Level 1.7 Stealth
 + Level 4.6 Spellcasting
 + Level 6.3 Conjurations
 + Level 6.4 Fire Magic


You had 3 spell levels left.
You knew the following spells:

 Your Spells              Type           Power        Failure   Level  Hunger
a - Flame Tongue          Conj/Fire      ####.        1%          1    None
b - Conjure Flame         Conj/Fire      ####....     1%          3    ###....
c - Sticky Flame          Conj/Fire      ####....     4%          4    ####...
d - Fireball              Conj/Fire      ####......   12%         5    ######.

Your spell library contained the following spells:

 Spells                   Type           Power        Failure   Level  Hunger
 Magic Dart               Conj           ####         1%          1    None
 Throw Flame              Conj/Fire      ####..       1%          2    #......
 Inner Flame              Hex/Fire       ###.....     4%          3    ###....
 Mephitic Cloud           Conj/Pois/Air  ##......     7%          3    ###....
 Blink                    Tloc           N/A          9%          2    #......
 Call Imp                 Summ           #.......     9%          2    #......
 Slow                     Hex            #.......     9%          2    #......


Dungeon Overview and Level Annotations

Branches:
Dungeon (6/15)
 Temple: D:4-7

Altars:
Gozag
Hepliaklqana

Shops:
D:4 =


Innate Abilities, Weirdness & Mutations

You have razor-sharp toenails.
You regenerate a little health from kills.


Message History

You feel sick.
The worker ant burns!
The worker ant burns!
You kill the worker ant!
The centaur shoots an arrow.
The arrow hits you!
* * * LOW HITPOINT WARNING * * *
The centaur shoots an arrow.
The arrow hits you.
* * * LOW HITPOINT WARNING * * *
You see here an arrow.
Casting: Sticky Flame (safe; 4% risk of failure)
Confirm with . or Enter, or press ? or * to list all spells.
Aiming: Fireball (slightly dangerous; 12% risk of failure)
Press: ? - help, Shift-Dir - straight line, f - centaur
Aim: a centaur, wielding a +0 shortbow You miscast Fireball.
You are very lightly contaminated with residual magic.
Strange energies run through your body.
You are feeling very hungry.
The centaur shoots an arrow.
The arrow hits you!
You die...
Your body crumbles into a pile of gold.

····?··▒·····
▒··········_
▒··▒▒▒····<······ ···▒
▒····>··(········· ···
▒·▒▒▒▒Z▒▒·▒▒····· ··▒
▒▒▒(▒ ···· ····▒ ▒·c·▒
▒·▒ ▒·▒·▒
▒·▒$▒▒▒▒▒·▒▒▒▒·▒·▒▒▒▒·
▒····@··▒·▒▒··········
▒··▒▒▒····▒▒·▒········
▒▒·▒≈▒··▒·▒▒·▒▒▒·▒▒·▒▒
▒·▒▒▒················
▒······▒▒▒▒▒▒▒▒·▒▒▒▒▒
▒▒▒▒▒··▒▒▒▒▒▒▒▒······
▒··▒▒········▒▒▒▒
▒▒▒··▒▒··▒·▒·▒·▒▒
▒···············▒


You could see a centaur.

Vanquished Creatures
  Sigmund (D:2)
  An ice beast (D:4)
  A phantom (D:4)
  A centaur (D:5)
  2 human zombies (Ossuary)
  2 orc priests
  3 hounds
  2 jellies (D:5)
  Ijyb (D:3)
  2 iguanas (D:5)
  Natasha (twice) (D:2)
  3 orc wizards
  3 worker ants
  A killer bee zombie (D:5)
  2 big kobold zombies (Ossuary)
  A hound zombie (Ossuary)
  4 mummies
  6 adders
  A shadow imp (D:4)
  2 oozes
  5 adder zombies (Ossuary)
  A worm (D:4)
  5 dart slugs
  A leopard gecko (D:1)
  14 orcs
  A ball python (D:3)
  9 bats
  5 giant cockroaches
  A gnoll zombie (Ossuary)
  6 goblins
  4 hobgoblins
  9 jackals
  5 quokkas
  6 frilled lizards
  2 goblin zombies (Ossuary)
  7 hobgoblin zombies (Ossuary)
  4 jackal zombies (Ossuary)
  7 kobolds
  4 kobold zombies (Ossuary)
  2 orc zombies (Ossuary)
  2 quokka zombies
  7 rats
  A rat zombie (Ossuary)
149 creatures vanquished.

Notes
Turn   | Place    | Note
-------+----------+-------------------------------------------
     0 | D:1      | Azzok the Demonspawn Fire Elementalist began the quest for
                  | the Orb.
     0 | D:1      | Reached XP level 1. HP: 13/13 MP: 3/3
   561 | D:1      | Gained mutation: You regenerate a little health from kills.
                  | [demonic ancestry]
   561 | D:1      | Reached XP level 2. HP: 19/19 MP: 0/5
  1330 | D:2      | Reached XP level 3. HP: 19/24 MP: 1/6
  1688 | D:2      | Noticed Sigmund
  2195 | D:2      | Reached XP level 4. HP: 30/30 MP: 4/7
  2246 | D:2      | Learned a level 4 spell: Sticky Flame
  2608 | D:2      | Noticed Natasha
  2617 | D:2      | Killed Natasha
  2793 | D:2      | Killed Sigmund
  2793 | D:2      | Reached XP level 5. HP: 29/35 MP: 1/8
  2825 | D:2      | Noticed Natasha
  2863 | D:2      | Killed Natasha
  2863 | D:2      | Gained mutation: You have sharp toenails. [demonic
                  | ancestry]
  2863 | D:2      | Reached XP level 6. HP: 41/41 MP: 3/9
  2937 | D:3      | Learned a level 3 spell: Conjure Flame
  3414 | D:3      | Noticed Ijyb
  3428 | D:3      | Paralysed by Ijyb for 6 turns
  3460 | D:3      | Killed Ijyb
  3717 | D:3      | Found an opulent altar of Gozag.
  3735 | D:3      | Became a worshipper of Gozag Ym Sagoz the Greedy
  4110 | D:4      | Reached skill level 5 in Fire Magic
  4124 | D:4      | Noticed an ice beast
  4154 | D:4      | Killed an ice beast
  4359 | D:4      | Reached skill level 5 in Conjurations
  4359 | D:4      | Gained mutation: You have razor-sharp toenails. [demonic
                  | ancestry]
  4359 | D:4      | Reached XP level 7. HP: 42/46 MP: 0/11
  4446 | D:4      | Found a sand-covered staircase.
  4454 | Ossuary  | Entered an ossuary
  5503 | D:4      | Found Adisoova's Jewellery Shoppe.
  5506 | D:4      | Bought a cursed ring of attention for 45 gold pieces
  5507 | D:4      | Bought an uncursed ring of magical power for 200 gold
                  | pieces
  5918 | D:4      | Bought a cursed +4 amulet of reflection for 240 gold pieces
  5961 | D:5      | Entered Level 5 of the Dungeon
  6195 | D:5      | Learned a level 5 spell: Fireball
  6248 | D:5      | Reached XP level 8. HP: 52/52 MP: 7/14
  7666 | D:6      | Found a hazy altar of Hepliaklqana.
  7675 | D:6      | HP: 2/52 [centaur/arrow (4)]
  7676 | D:6      | Shot with an arrow by a centaur

Vault maps used:
D:1:      dpeg_arrival_court, minmay_misc_feat_cross,
          chequers_serial_rivers_micro_d
D:2:      cheibrodos_helix_gallery, uniq_sigmund, uniq_natasha
D:3:      overflow_temple_1_default, first_ration, corner_web_ring, uniq_ijyb
D:4:      gup_ossuary_entry_pyramid, serial_shops, kennysheep_mini_moat,
          minmay_misc_feat_more_columns
D:5:      kennysheep_nub
D:6:      nicolae_overflow_hidden_temple, kennysheep_little_box, serial_glass,
          glass_columns_a, glass_columns_b, feat_on_display, feat_on_display,
          basic_altar, chequers_serial_rivers_micro_a, uniq_pikel
Ossuary:  minmay_ossuary_two_tombs

Skill      XL: |  1  2  3  4  5  6  7  8 |
---------------+-------------------------+-----
Fire Magic     | 3 4 5 6 |  6.4
Conjurations   | 2 4 5 6 |  6.3
Spellcasting   | 3 4 |  4.6
Dodging        | |  1.7
Stealth        | |  1.7

Action                   |  1- 3 |  4- 6 |  7- 9 || total
-------------------------+-------+-------+-------++-------
Melee: Unarmed           |     7 |     7 |    37 ||    51
       Kick              |       |     1 |       ||     1
 Cast: Flame Tongue      |    66 |    97 |   176 ||   339
       Sticky Flame      |       |     4 |    10 ||    14
       Fireball          |       |       |     2 ||     2
  Use: Scroll            |     4 |     5 |       ||     9
  Eat: Chunk             |     5 |     7 |       ||    12
       Ration            |       |       |     4 ||     4
Armor: Robe              |     4 |    12 |    33 ||    49
Dodge: Dodged            |    32 |    35 |    67 ||   134
Block: Other             |       |       |    10 ||    10
       Reflection        |       |       |     1 ||     1

Table legend:
 A = Non-vault XP
 B = Vault XP
 C = Vault XP percentage of total XP
 D = Non-vault monster count
 E = Vault monster count
 F = Vault count percentage of total count
                 A         B        C        D         E       F
            +---------+---------+-------+---------+---------+-------
      Total |    1287 |     568 |  30.6 |     108 |      41 |  27.5
            +---------+---------+-------+---------+---------+-------
        D:1 |      34 |       2 |   5.6 |      14 |       1 |   6.7
        D:2 |     108 |     249 |  69.7 |      30 |       3 |   9.1
        D:3 |      82 |      36 |  30.5 |      20 |       1 |   4.8
        D:4 |     376 |      16 |   4.1 |      10 |       1 |   9.1
        D:5 |     504 |       0 |   0.0 |      23 |       0 |   0.0
        D:6 |     183 |       0 |   0.0 |      11 |       0 |   0.0
    Ossuary |       0 |     265 | 100.0 |       0 |      35 | 100.0
            +---------+---------+-------+---------+---------+-------
